 Dungeon Crawl Stone Soup version 0.32-a0-411-g744942f433 (console) character file.

Game seed: 17145469058573141860

28 zenocrate the Sneak (level 3, -1/29 HPs)
             Began as a Coglin Delver on Feb 20, 2024.
             Slain by a black bear (4 damage)
             ... on level 5 of the Dungeon.
             The game lasted 00:00:19 (38 turns).

zenocrate the Sneak (Coglin Delver)                   Turns: 38, Time: 00:00:20

Health: -1/29      AC:  3    Str: 12    XL:     3   Next: 14%
Magic:  3/3        EV: 12    Int:  9    God:
Gold:   0          SH:  0    Dex: 17    Spells: 2/2 levels left

rFire   . . .        a - +0 falchion {Kulveer}
rCold   . . .        (no shield)
rNeg    . . .        b - +0 leather armour
rPois   .            (no helmet)
rElec   .            (no cloak)
rCorr   .            (no gloves)
SInv    .            (no boots)
Will    .....        (no amulet)
Stlth   +++          (no ring)
HPRegen 0.24/turn    (no ring)
MPRegen 0.08/turn

%: no passive effects
@: immotile, revved
A: off-hand wielding, slow wielding, warmup strikes, legs shutdown
a: no special abilities


You were on level 5 of the Dungeon.
You visited 1 branch of the dungeon, and saw 1 of its levels.

Inventory:

Hand Weapons
 a - a +0 falchion (weapon) {Kulveer}
Armour
 b - a +0 leather armour (worn)
Wands
 g - a wand of digging (3)
Scrolls
 c - a scroll of fog
 d - a scroll of revelation
 e - a scroll of fear
 h - 3 scrolls of teleportation {unknown}
Potions
 f - a potion of haste


   Skills:
 - Level 3.0 Fighting
 + Level 3.5 Long Blades
 - Level 1.7 Dodging
 - Level 4.1 Stealth


You had 2 spell levels left.
You didn't know any spells.
Your spell library was empty.

Dungeon Overview and Level Annotations

Branches:
Dungeon (5/15)
 Temple: D:4-7

Altars:


Innate Abilities, Weirdness & Mutations

You can wield a second weapon in your off-hand.
It takes a long time for you to wield or remove held weapons.
Your first few attacks do less damage.
Attacking and casting redirects power from your legs.


Message History

You feel agile. x2
Unknown command.
You hit the black bear.
The black bear is lightly wounded.
The black bear bites you. The black bear closely misses you. x2
You slash the black bear!
The black bear is moderately wounded.
The black bear bites you. The black bear claws you. x2
You hit the black bear but do no damage.
The black bear is moderately wounded.
The black bear closely misses you. The black bear claws you. x2
* * * LOW HITPOINT WARNING * * *
Unknown command.
You hit the black bear.
The black bear is moderately wounded.
The black bear barely misses you. The black bear misses you.
The black bear claws you but does no damage.
Unknown command.
You barely miss the black bear.
The black bear is moderately wounded.
The black bear bites you.
* * * LOW HITPOINT WARNING * * *
The black bear barely misses you.
The black bear claws you but does no damage.
You closely miss the black bear.
The black bear is moderately wounded.
The black bear closely misses you. The black bear barely misses you.
The black bear closely misses you.
Unknown command.
You hit the black bear.
The black bear is severely wounded.
The black bear bites you.
* * * LOW HITPOINT WARNING * * *
The black bear claws you.
* * * LOW HITPOINT WARNING * * *
The black bear claws you.
* * * LOW HITPOINT WARNING * * *
You hit the black bear but do no damage.
The black bear is heavily wounded.
The black bear bites you.
You die...

####........###
#........#.[#.# .
.............#
..##............
.............. #..
....... .. #...#
#.#..### #......#
#...#h###
......##@..###
......##.....####
..... #.........####
.....##.....#......##
).......#####.......#
........# #.......##
......###........#
..............[.##
####...#.....####
#.....>...###
..........##


You could see a black bear.

Vanquished Creatures
  A hound (D:5)
1 creature vanquished.

Notes
Turn   | Place    | Note
-------+----------+-------------------------------------------
     0 | D:5      | zenocrate the Coglin Delver began the quest for the Orb.
     0 | D:5      | Reached XP level 1. HP: 18/18 MP: 1/1
    19 | D:5      | Noticed a black bear
    20 | D:5      | Noticed a hound
    30 | D:5      | Killed a hound
    31 | D:5      | Reached XP level 2. HP: 17/24 MP: 2/2
    31 | D:5      | Reached XP level 3. HP: 21/29 MP: 3/3
    38 | D:5      | Slain by a black bear

Illustrated notes

Levels and vault maps discovered:
D:5:      layout_cave_pools, uniq_grinder, uniq_pikel

Skill      XL: |  1 |
---------------+----+-----
Long Blades    | 3 |  3.5
Fighting       | |  3.0
Dodging        | |  1.7
Stealth        | |  4.1

Action                     || total
---------------------------++-------
  Melee: Falchion          ||    14
 Armour: Leather armour    ||    18
  Dodge: Dodged            ||    17

Table legend: (Time is in decaauts)
 A = Elapsed time spent in this place.
 B = Non-inter-level travel time spent in this place.
 C = Inter-level travel time spent in this place.
 D = Time resting spent in this place.
 E = Time spent auto-exploring this place.
 F = Levels seen in this place.
 G = Mean time per level.
                   A        B        C        D        E       F      G
               +--------+--------+--------+--------+--------+-----+--------+
         Total |     40 |     40 |      0 |      0 |     16 |   1 |   40.0 |
       Dungeon |     40 |     40 |      0 |      0 |     16 |   1 |   40.0 |
               +--------+--------+--------+--------+--------+-----+--------+

Top non-repeatable levels by time:
     D:5: 40 daAuts
